 Dungeon Crawl Stone Soup version 0.17-a0-1945-gfe993df (webtiles) character file.

135 4thArraOfDagon the Chopper (level 5, -5/36 HPs)
             Began as an Octopode Gladiator on Sept 30, 2015.
             Was an Initiate of Cheibriados.
             Slain by a gnoll
             ... wielding a +0 spear
              (10 damage)
             ... on level 3 of the Dungeon.
             The game lasted 00:03:30 (576 turns).

4thArraOfDagon the Chopper (Octopode Gladiator)      Turns: 576, Time: 00:03:30

Health: -5/36      AC:  1    Str: 15    XL:     5   Next: 18%
Magic:  5/5        EV: 13    Int: 17    God:    Cheibriados [......]
Gold:   75         SH:  0    Dex: 14    Spells: 0 memorised, 4 levels left

rFire  . . .     SeeInvis .     a - +0 war axe
rCold  . . .     Clarity  .     (no shield)
rNeg   . . .     SustAt   .     b - +0 hat
rPois  .         Gourm    .     (no amulet)
rElec  .         Spirit   .     (no ring)
rCorr  .         Warding  .     (no ring)
rMut   .         Stasis   .     (no ring)
MR     .....                    (no ring)
Stlth  ++........               (no ring)
                                (no ring)
                                (no ring)
                                (no ring)

@: brilliant, very slow, not resistant to hostile enchantments, unstealthy
A: almost no armour, amphibious, 8 rings, constrict 8, camouflage 1, gelatinous
body 1
a: Bend Time, Renounce Religion


You were on level 3 of the Dungeon.
You worshipped Cheibriados.
Cheibriados was noncommittal.
You were not hungry.

You visited 2 branches of the dungeon, and saw 6 of its levels.

You collected 75 gold pieces.

Inventory:

Hand weapons
 a - a +0 war axe (weapon)
Missiles
 c - 2 throwing nets (quivered)
Armour
 b - a +0 hat (worn)
Scrolls
 e - a scroll of enchant weapon {unknown}
Comestibles
 d - 2 bread rations
 f - a slice of pizza
 i - a meat ration
 j - a fruit


   Skills:
 + Level 2.8 Fighting
 * Level 4.6 Axes
 - Level 2.0 Throwing
 + Level 3.7 Dodging
 + Level 0.7 Invocations


You had 4 spell levels left.
You didn't know any spells.

Dungeon Overview and Level Annotations

Branches:
Dungeon (5/15)             Temple (1/1) D:5

Altars:
Cheibriados
Elyvilon
Nemelex Xobeh
Qazlal
Sif Muna

Annotations:
D:3 HungrySpirit's ghost, average CeAM


Innate Abilities, Weirdness & Mutations

You cannot wear most types of armour.
You are amphibious.
You can wear up to eight rings at the same time.
You can use your tentacles to constrict eight enemies at once.
Your skin changes colour to match your surroundings (Stealth).
Your rubbery body absorbs attacks (AC +1).


Message History

* * * LOW HITPOINT WARNING * * *
The adder closely misses you. The gnoll completely misses you.
The gnoll barely misses you. The gnoll hits you with a club.
* * * LOW HITPOINT WARNING * * *
The giant cockroach closely misses you.
Read which item? (? for menu, Esc to quit)
As you read the scroll labeled RIEKKUJ COSH, it crumbles to dust.
The scroll dissolves into smoke.
It was a scroll of fog.
The adder bites you but does no damage. The kobold hits you with a short sword.
* * * LOW HITPOINT WARNING * * *
The giant cockroach closely misses you. The gnoll closely misses you.
The gnoll barely misses you. The adder closely misses you.
The gnoll hits you but does no damage.
Read which item? (? for menu, Esc to quit)
As you read the scroll labeled TEQIL JIUMN, it crumbles to dust.
You feel blessed for a moment.
It was a scroll of remove curse.
The giant cockroach completely misses you.
The adder barely misses you. The kobold hits you but does no damage.
The gnoll hits you from afar with a spear!
You die...

#........ #.
#........ #.
#........
#..
..........
#..
..........
###..#####
..........
#.(..g.§§#
..........
#....§§K§#
#...§§@g§#
.....§gSs.#
%....§§...#
#.....§...#
#.........#
#..........
#..........#
#..#.......#
#.#........


You could see 3 gnolls, an adder, a giant cockroach and a kobold.

Vanquished Creatures
  A crimson imp (D:5)
  Jessica (D:2)
  A worker ant (D:4)
  2 adders
  3 oozes
  A giant gecko (D:4)
  2 giant cockroaches (D:1)
  2 hobgoblins
  3 bats
  4 goblins
  4 kobolds
  4 rats
28 creatures vanquished.

Notes
Turn   | Place    | Note
--------------------------------------------------------------
     0 | D:1      | 4thArraOfDagon the Octopode Gladiator began the quest for the Orb.
     0 | D:1      | Reached XP level 1. HP: 14/14 MP: 1/1
    31 | D:1      | Reached XP level 2. HP: 1/19 MP: 2/2
   221 | D:2      | Found a stormy altar of Qazlal.
   253 | D:2      | Noticed Jessica
   264 | D:2      | Killed Jessica
   264 | D:2      | Reached skill level 4 in Axes
   264 | D:2      | Reached XP level 3. HP: 13/25 MP: 3/3
   379 | D:4      | Reached XP level 4. HP: 16/30 MP: 4/4
   384 | D:3      | Noticed HungrySpirit's ghost (average CeAM)
   458 | D:5      | Entered Level 5 of the Dungeon
   459 | D:5      | Found a staircase to the Ecumenical Temple.
   468 | Temple   | Entered the Ecumenical Temple
   485 | Temple   | Became a worshipper of Cheibriados the Contemplative
   532 | D:5      | Noticed an ogre
   544 | D:5      | Reached XP level 5. HP: 32/36 MP: 5/5
   573 | D:3      | :(
   576 | D:3      | Slain by a gnoll

Vault maps used:
D:1:      dpeg_arrival_oval
D:2:      vehumet_crystals, nicolae_overflow_crystal_walls, first_bread,
          kennysheep_generic_room_3, uniq_jessica
D:3:      minmay_item_behind_shaft, serial_bayou_pond_e, roderic_malta_cross
D:4:      minmay_goblin_kobold_castle, lightli_temple_of_fire, uniq_duvessa,
          uniq_crazy_yiuf_cottage
D:5:      minitemple, minmay_temple_entry_water_ring
Temple:   zaba_magenta_temple_8

Action                   |  1- 3 |  4- 6 || total
-------------------------+-------+-------++-------
Melee: War axe           |    43 |    11 ||    54
Throw: Throwing net      |     5 |     1 ||     6
  Use: Scroll            |       |     3 ||     3
       Potion            |       |     1 ||     1
 Stab: Sleeping          |     2 |     2 ||     4
       Held in net/web   |     1 |       ||     1
